 Dungeon Crawl Stone Soup version 0.16-a0-3472-g5ce0ac0 (webtiles) character file.

359 Grim the Digger (level 6, -2/49 HPs)
             Began as a Deep Dwarf Earth Elementalist on Jan 3, 2015.
             Was an Initiate of Vehumet.
             Slain by an adder skeleton (3 damage)
             ... on level 5 of the Dungeon.
             The game lasted 00:21:53 (5363 turns).

Grim the Digger (Deep Dwarf Earth Elementalist)     Turns: 5363, Time: 00:21:53

Health: -2/49      AC:  5    Str: 12    XL:     6   Next: 37%
Magic:  7/7        EV: 12    Int: 17    God:    Vehumet [......]
Gold:   275        SH:  0    Dex: 13    Spells: 2 memorised, 5 levels left

rFire  . . .     SeeInvis .     C - +0 hand axe
rCold  . . .     Clarity  .     i - +0 robe
rNeg   . . .     SustAb   .     (no shield)
rPois  +         Gourm    .     (no helmet)
rElec  .         Spirit   .     (no cloak)
rCorr  .         Warding  .     (no gloves)
rMut   .         Stasis   .     (no boots)
MR     .....                    (no amulet)
Stlth  ++........               y - +3 ring of protection
                                m - ring of poison resistance

@: non-regenerating, not resistant to hostile enchantments, unstealthy
A: damage resistance, recharge devices, sense surroundings 1, slow healing 3
a: Device Recharging, Renounce Religion


You were on level 5 of the Dungeon.
You worshipped Vehumet.
Vehumet was noncommittal.
You were not hungry.

You visited 1 branch of the dungeon, and saw 5 of its levels.

You collected 275 gold pieces.

Inventory:

Hand weapons
 C - a +0 hand axe (weapon)
Missiles
 b - 77 stones (quivered)
Armour
 i - a +0 robe (worn)
Jewellery
 m - a ring of poison resistance (left hand)
 n - an uncursed ring of flight
 y - a +3 ring of protection (right hand)
 A - a cursed ring of loudness {unknown}
 E - an uncursed ring of invisibility {unknown}
Magical devices
 a - a wand of heal wounds (0)
 v - a wand of cold (10)
Scrolls
 e - a scroll of identify {unknown}
 g - a scroll of fear {unknown}
 h - 6 scrolls of remove curse
 j - 3 scrolls of teleportation
 p - a scroll of amnesia {unknown}
 t - a scroll of enchant armour {unknown}
 B - a scroll of enchant weapon {unknown}
Potions
 c - a potion of might {unknown}
 l - a potion of haste
 o - a potion of cancellation {unknown}
 r - 2 potions of mutation {unknown}
 s - 2 potions of curing {unknown}
 u - a potion of berserk rage {unknown}
 w - a potion of invisibility {unknown}
 z - a potion of restore abilities {unknown}
 D - a potion of agility {unknown}
Books
 d - a book of Geomancy

   Spells                             Type                      Level
   a - Sandblast                      Earth                        1
   b - Stoneskin                      Transmutation/Earth          2
   c - Passwall                       Transmutation/Earth          3
   d - Stone Arrow                    Conjuration/Earth            3
   e - Petrify                        Transmutation/Earth          4
   f - Lee's Rapid Deconstruction     Earth                        5
Comestibles
 f - 2 bread rations
 k - a slice of pizza
 q - a beef jerky
 x - 3 meat rations
 F - a chunk of flesh


   Skills:
 - Level 2.1 Dodging
 - Level 2.4 Stealth
 - Level 1.7 Spellcasting
 * Level 4.1 Transmutations
 + Level 7.4 Earth Magic


You had 5 spell levels left.
You knew the following spells:

 Your Spells              Type           Power        Failure   Level  Hunger
a - Sandblast             Erth           ####..       1%          1    #......
b - Stoneskin             Trmt/Erth      ###.....     2%          2    ###....


Dungeon Overview and Level Annotations

Branches:
Dungeon (5/15)             Temple (0/1) D:4

Altars:
Elyvilon
Vehumet
Yredelemnul

Annotations:
D:5 Pikel


Innate Abilities, Weirdness & Mutations

You are resistant to damage.
You can recharge devices by infusing magical energy.
You passively map a small area around you.
You do not heal naturally.


Message History

* * * LOW HITPOINT WARNING * * *
The slave hits you.
* * * LOW HITPOINT WARNING * * *
Pikel says, "You'll fetch a fair price!"
Pikel barely misses you. The adder skeleton misses you.
The orc wizard barely misses you. The kobold hits you but does no damage.
The orc priest calls down the wrath of Beogh upon you.
Something smites you!
* * * LOW HITPOINT WARNING * * *
Pikel hits you with a whip of freezing.
* * * LOW HITPOINT WARNING * * *
Pikel freezes you. The slave hits you but does no damage.
The adder skeleton bites you but does no damage.
The orc wizard gestures at you while chanting.
The magic dart hits you!
* * * LOW HITPOINT WARNING * * *
The kobold closely misses you.
The orc priest glows brightly for a moment.
The adder skeleton bites you.
You die...

, , ############# * ,
............# * * *
####.########.######
#..........<........ ,
*####....######...######
.....o........#.......
######pKKp######.#.......
* .....opZ@.#
#........... *
#.###.###o####.#.........
o.......................
* *
*###.###.###############
*, , #.# * *...... ... ,
,..... * *##.# * * #####
, #+# ** * , *


You could see Pikel, 3 slaves, an orc priest, an orc wizard, an orc, a kobold
and an adder skeleton.

Vanquished Creatures
  The ghost of JaMaZz the Magician, an average NaWz of the Shining One (D:3)
  2 orc priests (D:4)
  An orc wizard (D:4)
  2 worker ants
  4 adders
  A gnoll (D:1)
  A giant mite (D:2)
  3 worms
  3 orcs
  13 bats
  2 giant cockroaches (D:3)
  6 hobgoblins
  11 jackals
  4 kobolds
  2 quokkas
  A giant gecko (D:1)
  A giant newt (D:1)
  6 goblins
  12 rats
  A spectral orc (D:4)
77 creatures vanquished.

Notes
Turn   | Place    | Note
--------------------------------------------------------------
     0 | D:1      | Grim, the Deep Dwarf Earth Elementalist, began the quest for the Orb.
     0 | D:1      | Reached XP level 1. HP: 15/15 MP: 2/2
   838 | D:1      | Reached XP level 2. HP: 16/22 MP: 1/3
  1170 | D:1      | Reached skill level 5 in Earth Magic
  1701 | D:2      | Reached XP level 3. HP: 20/28 MP: 0/5
  1932 | D:2      | Reached skill level 6 in Earth Magic
  2488 | D:3      | Learned a level 2 spell: Stoneskin
  2499 | D:3      | Reached skill level 1 in Transmutations
  2499 | D:3      | Reached XP level 4. HP: 36/36 MP: 1/5
  3327 | D:3      | Noticed JaMaZz's ghost (average NaWz)
  3354 | D:3      | Killed JaMaZz's ghost
  3354 | D:3      | Reached skill level 7 in Earth Magic
  3354 | D:3      | Reached XP level 5. HP: 38/42 MP: 0/6
  3899 | D:4      | Found a white marble altar of Elyvilon.
  3899 | D:4      | Found a radiant altar of Vehumet.
  3905 | D:4      | Became a worshipper of Vehumet
  3988 | D:4      | Found a basalt altar of Yredelemnul.
  4110 | D:4      | Reached XP level 6. HP: 29/49 MP: 0/8
  5028 | D:4      | Found a staircase to the Ecumenical Temple.
  5263 | D:5      | Entered Level 5 of the Dungeon
  5348 | D:5      | Noticed Pikel
  5362 | D:5      | HP: 1/49 [orc wizard/magic dart (4)]
  5363 | D:5      | Slain by an adder skeleton

Action                   |  1- 3 |  4- 6 || total
-------------------------+-------+-------++-------
Melee: Unarmed           |    32 |       ||    32
       Hand axe          |       |    39 ||    39
Throw: Stone             |     4 |     5 ||     9
 Cast: Sandblast         |    59 |    77 ||   136
 Abil: Device Recharging |     1 |     1 ||     2
Evoke: Wand              |     5 |     7 ||    12
  Use: Scroll            |     3 |     1 ||     4
 Stab: Sleeping          |       |     2 ||     2
  Eat: Chunk             |     6 |     3 ||     9
       Bread ration      |       |     2 ||     2
